cohdb
Replays
Latest Replays
All Replays
Popular Replays
Top Player Replays
Match Explorer
How It Works
Community
CoH3 Stats
Reddit
Sign in to upload your games and track your stats! →
Sign in with Steam
Match 46908463
Unlisted
Match 46908463
Overview
Messages
Build Orders
End
Construct Infanterie Kompanie
Kettenkrad Recon Vehicle
MG 42 Machine Gun Team
MG 42 Machine Gun Team
Construct Panzergrenadier Kompanie
251 Medium Carrier
Panzergrenadier Squad
Support Elements
Nebelwerfer 42 Rocket Launcher Team
Pioneer Squad
StuG III G Assault Gun
Panzergrenadier Squad
Kettenkrad Recon Vehicle
Selects Terror Battlegroup
Selects Machine Gun Camouflage
Nebelwerfer 42 Rocket Launcher Team
Valdai
Sailor
Sokol(c)
Syverus
patito
=LK=VLADIMIR_PUTIN (Пупкин)
Barka
EnemyTrooper
0
0
Comments
sign in to comment!
No comments posted yet!